 Dungeon Crawl Stone Soup version 0.20.0-8-g6b59dc7 (webtiles) character file.

85 MDvedh the Caller (level 4, -3/25 HPs)
             Began as a Gargoyle Summoner on June 2, 2017.
             Slain by Crazy Yiuf
             ... wielding a +3 quarterstaff of chaos
              (6 damage)
             ... on level 3 of the Dungeon.
             The game lasted 00:04:12 (2727 turns).

MDvedh the Caller (Gargoyle Summoner)               Turns: 2727, Time: 00:04:12

Health: -3/25      AC:  9    Str: 12    XL:     4   Next: 48%
Magic:  7/7        EV: 10    Int: 16    God:
Gold:   44         SH:  0    Dex: 10    Spells: 6/7 levels left

rFire    + . .     SeeInvis +   k - +0 quarterstaff
rCold    . . .     Gourm    .   (shield currently unavailable)
rNeg     + . .     Faith    .   q - +1 ring mail {rF+}
rPois    ∞         Spirit   .   (no helmet)
rElec    +         Reflect  .   (no cloak)
rCorr    .         Harm     .   (no gloves)
MR       .....                  (no boots)
Stlth    ++........             (no amulet)
Regen    0.1/turn               n - ring of stealth
MPRegen  0.1/turn               r - ring of see invisible

@: berserk cooldown
A: negative energy resistance 1, electricity resistance, unbreathing,
petrification resistance, rot immunity, AC +3
a: no special abilities


You were on level 3 of the Dungeon.
You were not hungry.

You visited 1 branch of the dungeon, and saw 3 of its levels.

You collected 44 gold pieces.

Inventory:

Hand Weapons
 a - a +0 whip
 k - a +0 quarterstaff (weapon)
Armour
 f - a +0 ring mail
 o - a +0 chain mail
 q - a +1 ring mail of fire resistance (worn)
Jewellery
 n - a ring of stealth (left hand)
 r - a ring of see invisible (right hand)
Scrolls
 h - a scroll of magic mapping
 v - a scroll of fog
Potions
 g - a potion of flight {unknown}
 m - a potion of resistance {unknown}
 p - a potion of haste {unknown}
 t - a potion of berserk rage {unknown}
Books
 b - a book of Callings

   Spells                             Type                      Level
   a - Summon Small Mammal            Summoning                    1
   b - Call Imp                       Summoning                    2
   c - Call Canine Familiar           Summoning                    3
   d - Summon Guardian Golem          Hexes/Summoning              3
   e - Summon Lightning Spire         Summoning/Air                4
   f - Summon Ice Beast               Ice/Summoning                4
Comestibles
 c - 4 bread rations
 d - 4 meat rations
 u - a royal jelly


   Skills:
 - Level 1.2 Fighting
 - Level 2.0(2.6) Maces & Flails
 + Level 2.5(2.9) Staves
 - Level 1.0 Armour
 - Level 1.5 Dodging
 - Level 2.1 Stealth
 - Level 2.0 Spellcasting
 - Level 3.6 Summonings


You had 6 spell levels left.
You knew the following spells:

 Your Spells              Type           Power        Failure   Level  Hunger
a - Summon Small Mammal   Summ           ##..         11%         1    #......


Dungeon Overview and Level Annotations

Branches:
Dungeon (3/15)

Altars:
Kikubaaqudgha
Nemelex Xobeh
Sif Muna
Xom

Annotations:
D:3 Crazy Yiuf


Innate Abilities, Weirdness & Mutations

You are resistant to torment.
Your stone body is resilient. (AC +3)
You are immune to poison.
You resist negative energy. (rN+)
You are resistant to electric shocks. (rElec)
You can survive without breathing.
You are immune to petrification.
You are immune to rotting.


Message History

Crazy Yiuf hits you with a quarterstaff of chaos.
You blink.
Crazy Yiuf says, "Cholesterol aubergine disdain!"
Crazy Yiuf says, "Candle forty-two Xom!"
You hit Crazy Yiuf but do no damage. Crazy Yiuf hits you but does no damage.
Crazy Yiuf hits you with a quarterstaff of chaos.
You barely miss Crazy Yiuf.
You feel yourself speed up.
Crazy Yiuf hits you with a quarterstaff of chaos.
* * * LOW HITPOINT WARNING * * *
Crazy Yiuf freezes you.
* * * LOW HITPOINT WARNING * * *
You thump Crazy Yiuf!
Crazy Yiuf is moderately wounded.
Crazy Yiuf barely misses you.
You hit Crazy Yiuf but do no damage.
Crazy Yiuf is moderately wounded.
Crazy Yiuf says, "Two broken return to song!"
Crazy Yiuf hits you with a quarterstaff of chaos.
You die...

#.# #.### #†# #.#
#...###.###### ##.#
##...........## .#.#
##........>..<.# .#.#
#.......†....... ####
#...............
#...............
######............... ###
♣###..g@................
..#♣♣
♣♣♣.#..#####.............#
g.§§♣♣♣♣PP....#
##.....#....)##
..#♣§.♣.P....##
#############
###♣♣♣.♣.P.### ♣♣♣♣♣##


You could see Crazy Yiuf.

Vanquished Creatures
  3 adders
  An ooze (D:3)
  2 dart slugs (D:1)
  2 leopard geckos
  An orc (D:3)
  2 giant cockroaches
  3 goblins
  7 hobgoblins
  2 jackals (D:2)
  6 kobolds
  A ball python (D:1)
  7 bats
  3 frilled lizards
  8 rats
  A fungus (D:3)
49 creatures vanquished.

Vanquished Creatures (collateral kills)
  A goblin (D:1)
1 creature vanquished.

Grand Total: 50 creatures vanquished

Notes
Turn   | Place    | Note
-------+----------+-------------------------------------------
     0 | D:1      | MDvedh the Gargoyle Summoner began the quest for the Orb.
     0 | D:1      | Reached XP level 1. HP: 10/10 MP: 3/3
   436 | D:1      | Reached skill level 1 in Fighting
   648 | D:1      | Reached skill level 1 in Armour
   648 | D:1      | Reached XP level 2. HP: 12/16 MP: 5/5
   967 | D:1      | Reached skill level 1 in Maces & Flails
  1331 | D:2      | Found a shimmering altar of Xom.
  1345 | D:2      | Reached XP level 3. HP: 20/20 MP: 6/6
  1629 | D:2      | Reached skill level 1 in Staves
  2096 | D:3      | Found an ancient bone altar of Kikubaaqudgha.
  2185 | D:3      | Reached XP level 4. HP: 23/25 MP: 7/7
  2282 | D:3      | Found a deep blue altar of Sif Muna.
  2443 | D:3      | Found a sparkling altar of Nemelex Xobeh.
  2682 | D:3      | Found a runed door.
  2686 | D:3      | Noticed Crazy Yiuf
  2697 | D:3      | Paralysed by Crazy Yiuf for 6 turns
  2701 | D:3      | HP: 1/25 [Crazy Yiuf/quarterstaff of chaos (6)]
  2727 | D:3      | Slain by Crazy Yiuf

Skill      XL: |  1  2  3 |
---------------+----------+-----
Fighting       | 1 |  1.2
Armour         | 1 |  1.0
Maces & Flails | 1 2 |  2.0
Staves         | 2 |  2.5
Dodging        | |  1.5
Stealth        | |  2.1
Spellcasting   | |  2.0
Summonings     | |  3.6

Action                   |  1- 3 |  4- 6 || total
-------------------------+-------+-------++-------
Melee: Unarmed           |    24 |       ||    24
       Whip              |    94 |       ||    94
       Quarterstaff      |    42 |    51 ||    93
 Cast: Summon Small Mamm |     5 |       ||     5
  Use: Scroll            |       |     6 ||     6
       Potion            |       |     3 ||     3
 Stab: Sleeping          |     2 |     1 ||     3
  Eat: Chunk             |     4 |     2 ||     6
Armor: Robe              |     4 |       ||     4
       Ring mail         |    88 |    31 ||   119
Dodge: Dodged            |   103 |    25 ||   128
